 Dungeon Crawl Stone Soup version 0.22.1-5-g62c59d919a (webtiles) character file.

584806 Jerry the Fencer (level 26, -5/239 HPs)
             Began as a Minotaur Gladiator on Jan 7, 2019.
             Was an Initiate of Gozag.
             Slain by Tiamat
             ... wielding a +4 demon trident of electrocution
              (30 damage)
             ... on level 5 of the Depths on Jan 8, 2019.
             The game lasted 04:34:51 (58867 turns).

Jerry the Fencer (Minotaur Gladiator)              Turns: 58867, Time: 04:34:52

Health: -5/239     AC: 17    Str: 23    XL:     26   Next: 4%
Magic:  46/46      EV: 32    Int:  6    God:    Gozag
Gold:   1479       SH: 11    Dex: 14    Spells: 31/47 levels left

rFire    + + +     SeeInvis .   j - +9 demon blade (vamp)
rCold    + + +     Gourm    .   O - +3 buckler {rC+ rF+}
rNeg     + + +     Faith    .   S - +2 ring mail of the Evening Star {rC++ rN+++ Slay+3 Stlth-}
rPois    +         Spirit   .   G - +2 hat {MR+}
rElec    +         Reflect  .   R - scarf {repulsion}
rCorr    .         Harm     .   Y - +2 pair of gloves of Qeorghegh {rF+ MR+++}
MR       +++++                  e - +2 pair of boots {run}
Stlth    +++.......             P - amulet of regeneration
HPRegen  0.89/turn              V - ring of Phasing {EV+8}
MPRegen  0.30/turn              D - ring of Rewnowaq {rElec rPois rF+ MP+9 Int-5}

@: corroded, hasted, repel missiles, very quick
A: retaliatory headbutt, horns 2, cold resistance 1
}: 3/15 runes: decaying, serpentine, silver
a: Potion Petition, Call Merchant, Bribe Branch, Renounce Religion


You were on level 5 of the Depths.
You worshipped Gozag.
Gozag was most pleased with you.
You were not hungry.

You visited 11 branches of the dungeon, and saw 47 of its levels.
You visited the Abyss 1 time.
You also visited: Labyrinth.

You collected 29248 gold pieces.
You spent 13387 gold pieces at shops.
You paid 14382 gold pieces to Gozag.

Inventory:

Hand Weapons
 j - a +9 vampiric demon blade (weapon)
Missiles
 d - 5 throwing nets (quivered)
Armour
 e - a +2 pair of boots of running (worn)
 o - the +3 pair of gauntlets of War {Slay+5}
   (You bought it in a shop on level 3 of the Lair of Beasts)

   It affects your accuracy and damage with ranged weapons and melee attacks
   (+5).
 G - a +2 hat of magic resistance (worn)
 O - a +3 buckler of resistance (worn)
 R - a scarf of repulsion (worn)
 S - the +2 ring mail of the Evening Star (worn) {rC++ rN+++ Slay+3 Stlth-}
   (You bought it in a shop on level 3 of the Vaults)

   It affects your accuracy and damage with ranged weapons and melee attacks
   (+3).
   It greatly protects you from cold.
   It renders you almost immune to negative energy.
   It makes you less stealthy.
 Y - the +2 pair of gloves of Qeorghegh (worn) {rF+ MR+++}
   (You bought it in a shop on level 3 of the Vaults)

   It protects you from fire.
   It affects your resistance to hostile enchantments.
Jewellery
 c - a +2 ring of protection
 z - the amulet "Bitaletz" {Gourm rC+ Str+4 Dex+4}
   (You found it on level 5 of the Vaults)

   [amulet of the gourmand]

   It allows you to eat raw meat even when not hungry.
   It affects your strength (+4).
   It affects your dexterity (+4).
   It protects you from cold.
 D - the ring of Rewnowaq (right hand) {rElec rPois rF+ MP+9 Int-5}
   (You acquired it on level 4 of the Depths)

   [ring of protection from fire]

   It affects your intelligence (-5).
   It protects you from fire.
   It insulates you from electricity.
   It protects you from poison.
   It affects your magic capacity (+9).
 L - the ring "Hysamm" {rC+ MR+ Str+2 Stlth+}
   (You acquired it on level 3 of the Vaults)

   [ring of strength]

   It affects your strength (+2).
   It protects you from cold.
   It affects your resistance to hostile enchantments.
   It makes you more stealthy.
 P - an amulet of regeneration (around neck)
 V - the ring of Phasing (left hand) {EV+8}
   (You bought it in a shop on level 3 of the Lair of Beasts)

   [ring of evasion]

   It affects your evasion (+8).
Wands
 a - a wand of digging (13)
 x - a wand of acid (41)
 y - a wand of flame (75)
 J - a wand of scattershot (16)
 N - a wand of iceblast (58)
Scrolls
 b - 14 scrolls of teleportation
 l - 21 scrolls of remove curse
 m - 8 scrolls of magic mapping
 n - 3 scrolls of fear
 p - 11 scrolls of amnesia
 s - 13 scrolls of identify
 v - a scroll of enchant weapon
 w - 3 scrolls of enchant armour
 A - 2 scrolls of blinking
 B - 4 scrolls of holy word
 C - a scroll of silence
 E - 6 scrolls of fog
 K - 2 scrolls of brand weapon
 Q - a scroll of immolation
 T - a scroll of summoning
Potions
 g - 3 potions of heal wounds
 h - 28 potions of curing
 k - a potion of might
 q - 5 potions of cancellation
 r - 4 potions of ambrosia
 t - 7 potions of brilliance
 u - 3 potions of invisibility
 F - 4 potions of resistance
 H - 2 potions of agility
 I - 2 potions of haste
 M - 3 potions of flight
 W - 2 potions of mutation
 X - 3 potions of magic
Miscellaneous
 i - a lamp of fire
Comestibles
 f - 30 rations


   Skills:
 - Level 20.0 Fighting
 - Level 20.1 Long Blades
 - Level 2.0 Throwing
 - Level 20.0 Armour
 - Level 20.0 Dodging
 + Level 12.5 Stealth
 - Level 17.2 Shields
 + Level 11.3 Spellcasting
 + Level 12.3 Necromancy
 + Level 13.2 Transmutations


You had 31 spell levels left.
You knew the following spells:

 Your Spells              Type           Power        Failure   Level  Hunger
a - Necromutation         Tmut/Necr      ###.......   100%        8    #######
b - Dispel Undead         Necr           ###.....     3%          5    ######.
c - Regeneration          Chrm/Necr      ##........   4%          3    ###....

Your spell library contained the following spells:

 Spells                   Type           Power        Failure   Level  Hunger
 Beastly Appendage        Tmut           ###...       1%          1    None
 Pain                     Necr           ###.         1%          1    None
 Sticks to Snakes         Tmut           ###.....     1%          2    ##.....
 Sublimation of Blood     Necr           ###.......   1%          2    ##.....
 Animate Dead             Necr           N/A          1%          4    ####...
 Blade Hands              Tmut           ###.......   2%          5    ######.
 Agony                    Necr           ###.....     3%          5    ######.
 Spider Form              Tmut/Pois      ##........   4%          3    ###....
 Ice Form                 Ice/Tmut       ##......     13%         4    ####...
 Petrify                  Tmut/Erth      ##......     13%         4    ####...
 Apportation              Tloc           #.....       21%         1    None
 Confusing Touch          Hex            #.....       21%         1    None
 Flame Tongue             Conj/Fire      #....        21%         1    None
 Freeze                   Ice            #...         21%         1    None
 Infusion                 Chrm           #...         21%         1    None
 Magic Dart               Conj           #...         21%         1    None
 Sandblast                Erth           #.....       21%         1    None
 Shock                    Conj/Air       #...         21%         1    None
 Summon Butterflies       Summ           #.......     21%         1    None
 Death Channel            Necr           ###.......   21%         6    #######
 Blink                    Tloc           N/A          30%         2    ##.....
 Call Imp                 Summ           #.......     30%         2    ##.....
 Ensorcelled Hibernation  Hex/Ice        #.....       30%         2    ##.....
 Poisonous Vapours        Pois/Air       #.....       30%         2    ##.....
 Searing Ray              Conj           #.....       30%         2    ##.....
 Shroud of Golubria       Chrm/Tloc      #.........   30%         2    ##.....
 Slow                     Hex            #.......     30%         2    ##.....
 Song of Slaying          Chrm           #.......     30%         2    ##.....
 Swiftness                Chrm/Air       #.......     30%         2    ##.....
 Throw Flame              Conj/Fire      #.....       30%         2    ##.....
 Throw Frost              Conj/Ice       #.....       30%         2    ##.....
 Alistair's Intoxication  Tmut/Pois      ##......     36%         5    ######.
 Yara's Violent Unravell  Hex/Tmut       ##........   36%         5    ######.
 Borgnjor's Vile Clutch   Necr/Erth      ##........   41%         5    ######.
 Confuse                  Hex            #.......     52%         3    ###....
 Conjure Flame            Conj/Fire      #.......     52%         3    ###....
 Dazzling Spray           Conj/Hex       #.....       52%         3    ###....
 Gell's Gravitas          Tloc           #.........   52%         3    ###....
 Inner Flame              Hex/Fire       #.......     52%         3    ###....
 Lesser Beckoning         Tloc           #.........   52%         3    ###....
 Mephitic Cloud           Conj/Pois/Air  #.......     52%         3    ###....
 Ozocubu's Armour         Chrm/Ice       #.......     52%         3    ###....
 Portal Projectile        Hex/Tloc       #.....       52%         3    ###....
 Recall                   Summ/Tloc      N/A          52%         3    ###....
 Spectral Weapon          Hex/Chrm       #.......     52%         3    ###....
 Static Discharge         Conj/Air       #.......     52%         3    ###....
 Stone Arrow              Conj/Erth      #.....       52%         3    ###....
 Teleport Other           Tloc           #.......     52%         3    ###....
 Tukima's Dance           Hex            #.......     52%         3    ###....
 Airstrike                Air            #.........   89%         4    ####...
 Cause Fear               Hex            #.........   89%         4    ####...
 Force Lance              Conj/Tloc      #.......     89%         4    ####...
 Fulminant Prism          Conj/Hex       #.........   89%         4    ####...
 Iskenderun's Mystic Bla  Conj           #.......     89%         4    ####...
 Leda's Liquefaction      Hex/Erth       #.........   89%         4    ####...
 Olgreb's Toxic Radiance  Pois           #.......     89%         4    ####...
 Passage of Golubria      Tloc           N/A          89%         4    ####...
 Sticky Flame             Conj/Fire      #.......     89%         4    ####...
 Summon Ice Beast         Ice/Summ       #.......     89%         4    ####...
 Summon Lightning Spire   Summ/Air       #.......     89%         4    ####...
 Throw Icicle             Conj/Ice       #.......     89%         4    ####...
 Statue Form              Tmut/Erth      ##.......    90%         6    #######
 Simulacrum               Ice/Necr       ##........   94%         6    #######
 Bolt of Magma            Conj/Fire/Erth #.........   99%         5    ######.
 Fireball                 Conj/Fire      #.........   99%         5    ######.
 Iskenderun's Battlesphe  Conj/Chrm      #.......     99%         5    ######.
 Lightning Bolt           Conj/Air       #.........   99%         5    ######.
 Metabolic Englaciation   Hex/Ice        #.........   99%         5    ######.
 Silence                  Hex/Air        #.........   99%         5    ######.
 Summon Demon             Summ           #.........   99%         5    ######.
 Summon Mana Viper        Hex/Summ       #.......     99%         5    ######.
 Venom Bolt               Conj/Pois      #.........   99%         5    ######.
 Conjure Ball Lightning   Conj/Air       #.........   100%        6    #######
 Deflect Missiles         Chrm/Air       #.........   100%        6    #######
 Dispersal                Tloc           #.........   100%        6    #######
 Freezing Cloud           Conj/Ice/Air   #.........   100%        6    #######
 Invisibility             Hex            #.......     100%        6    #######
 Iron Shot                Conj/Erth      #.........   100%        6    #######
 Shadow Creatures         Summ           N/A          100%        6    #######
 Haunt                    Necr/Summ      ##........   100%        7    #######
 Orb of Destruction       Conj           #.........   100%        7    #######
 Spellforged Servitor     Conj/Summ      #.........   100%        7    #######
 Borgnjor's Revivificati  Necr           ###.......   100%        8    #######
 Controlled Blink         Tloc           N/A          100%        8    #######
 Death's Door             Chrm/Necr      ##........   100%        8    #######
 Disjunction              Tloc           #.........   100%        8    #######
 Ignition                 Fire           #.........   100%        8    #######
 Infestation              Necr           ###.......   100%        8    #######
 Dragon's Call            Summ           #.........   100%        9    #######
 Shatter                  Erth           #.........   100%        9    #######
 Tornado                  Air            #.........   100%        9    #######


Dungeon Overview and Level Annotations

Branches:
Dungeon (15/15)            Temple (1/1) D:4            Lair (6/6) D:10
  Swamp (4/4) Lair:3        Snake (4/4) Lair:2        Slime (0/5) Lair:5
    Orc (2/2) D:11            Elf (0/3) Orc:2        Vaults (5/5) D:13
  Crypt (3/3) Vaults:3       Tomb (0/3) Crypt:3      Depths (5/5) D:15
   Hell (1/1)                 Zot (1/5) Depths:5
    Dis: Hell:1         Geh: Hell:1         Coc: Hell:1         Tar: Hell:1

Altars:
Ashenzari
Cheibriados
Dithmenos
Elyvilon
Fedhas
Gozag
Hepliaklqana
Kikubaaqudgha
Makhleb
Nemelex Xobeh
Okawaru
Qazlal
Ru
Sif Muna
Trog
Uskayaw
Vehumet
Wu Jian
Xom
Yredelemnul
Zin
The Shining One
Beogh

Shops:
D:4 ?   D:11 ?=?==   D:14 (   D:15 ::   Orc:2 ([!=   Lair:1 *[   Lair:2 [
Lair:3 =[=   Vaults:3 ![   Vaults:4 [   Vaults:5 %   Depths:3 =   Depths:4 **
Depths:5 [

Portals:
Hell: Depths:1 Depths:2 Depths:3 Depths:4 Depths:5
Abyss: Depths:4 Depths:5
Pandemonium: Depths:1 Depths:2 Depths:3
Ziggurat: Depths:1

Annotations:
Lair:5 2 runed doors, Thargor's ghost, journeyman DDFi
Depths:5 Tiamat
Hell Geryon


Innate Abilities, Weirdness & Mutations

You reflexively headbutt those who attack you in melee.
You have a pair of horns on your head.
Your flesh is cold resistant. (rC+)


Message History

You block Tiamat's attack. Tiamat tail-slaps you!
* * * LOW HITPOINT WARNING * * *
You barely miss Tiamat. You headbutt Tiamat, but do no damage.
Tiamat is almost dead.
You feel much better. You block Tiamat's attack. x2
Tiamat completely misses you.
Evoke which item? (* to show all) (? for menu, Esc to quit)
Okay, then.
Unknown command.
You feel yourself speed up. Tiamat hits you but does no damage.
Tiamat tail-slaps you!
* * * LOW HITPOINT WARNING * * *
Tiamat tail-slaps you but does no damage.
You closely miss Tiamat. You headbutt Tiamat, but do no damage.
Tiamat is almost dead.
You hit Tiamat but do no damage. You headbutt Tiamat, but do no damage.
Tiamat is almost dead.
Tiamat hits you with a demon trident of electrocution!!
You die...
Your body crumbles into a pile of gold.

.....#....##
##....#≈....
....##.)...##
##.....##....
....#...#...##
##...#...#....
...##..###...##
##...###..##...
...#...#
##...## ##[..##
#...#...
...#..##
##...###...##
##..#...
####..#
##[''#').##
#.(#... ####..#
##'.[)'##
#..#... .#....#
##[@.## #......
...#..#
##[..d'##
#..#... ..##..#
##.[[#''.##
#..#...
≈..#..##
##...###.∩.##
##..#...
≈≈≈#...#
##...## ##...##
#...#...
...##..###...##
##...###..##...
....#...#...##
##...#...#....
....##.....##
##.....##....
.....#....##
##.....#.....


You could see Tiamat.

Vanquished Creatures
  2 ancient liches
  Mara (Crypt:2)
  A juggernaut (Depths:3)
  Sojobo (Vaults:5)
  Margery (Depths:3)
  Nikola (Depths:3)
  6 caustic shrikes
  the Enchantress (Depths:3)
  8 golden dragons
  The ghost of Hetisch the Unseen, an adept NaEn of Ashenzari (Depths:1)
  9 tentacled monstrosities
  2 quicksilver dragons
  5 liches
  4 titans
  A sphinx (shapeshifter) (Vaults:5)
  A death cob (Zot:1)
  6 sphinxes
  2 ancient champions (Crypt:2)
  A tentacled starspawn (Abyss:2)
  The ghost of Riyg the Eclecticist, an adept DEFE of Vehumet (Vaults:4)
  7 tengu reavers
  5 thorn hunters
  3 storm dragons (Vaults:5)
  13 shadow dragons
  2 draconian monks
  2 revenants
  10 nagarajas
  Kirke (D:15)
  Roxanne (Snake:3)
  3 iron dragons
  5 draconian knights (Depths:5)
  8 fire giants
  12 frost giants
  An orc warlord (Orc:2)
  4 deep elf sorcerers
  13 vault wardens
  Louise (D:15)
  2 curse skulls (Crypt:3)
  A draconian stormcaller (Depths:5)
  3 ghouls
  5 war gargoyles
  4 draconian shifters
  2 draconian annihilators
  20 ironheart preservers
  3 spriggan defenders (Depths:3)
  20 very ugly things
  2 entropy weavers
  A reaper (Crypt:2)
  4 vampire knights
  25 stone giants
  2 green draconians
  3 deep elf demonologists
  4 deep elf annihilators
  5 white draconians
  2 black draconians (Depths:5)
  6 red draconians
  A minotaur (Lab)
  2 spark wasps (Depths:3)
  3 crystal guardians
  2 yellow draconians (Zot:1)
  8 deep elf death magi
  A merfolk javelineer (Depths:5)
  An ettin (shapeshifter) (D:15)
  17 ettins
  An eidolon (Crypt:3)
  Josephine (D:15)
  7 jiangshi (Crypt:1)
  15 fire dragons
  11 great orbs of eyes
  A mummy priest (Crypt:3)
  Erolcha (D:10)
  18 naga warriors
  18 yaktaur captains
  28 hydras
  5 rakshasas
  A catoblepas (D:15)
  12 ice dragons
  29 vault guards
  A ghost crab (Swamp:4)
  14 alligators
  3 spriggan air magi
  Erica (D:8)
  18 ogre magi
  3 death knights
  7 centaur warriors
  13 anacondas
  6 tengu warriors
  49 two-headed ogres
  12 deep troll shamans
  7 vampire magi
  2 titan zombies
  The ghost of Xuckunku the Magician, a novice GnSk of Cheibriados (Orc:1)
  A shock serpent (shapeshifter) (Depths:4)
  2 orc high priests (Orc:2)
  13 spriggan berserkers
  14 deep troll earth magi
  10 naga sharpshooters
  7 deep elf knights
  4 thrashing horrors (Abyss:2)
  2 storm dragon zombies
  3 shock serpents
  21 hell knights
  A wretched star (Abyss:2)
  4 soul eaters
  2 iron trolls (Depths:5)
  24 skeletal warriors
  2 titan skeletons (Crypt:1)
  5 salamander mystics
  2 storm dragon skeletons
  5 shadow wraiths
  2 unseen horrors (D:11)
  A quicksilver dragon simulacrum (Crypt:1)
  A spatial maelstrom (Abyss:2)
  14 swamp dragons
  4 glowing orange brains
  39 deep trolls
  A death drake (Abyss:2)
  A death drake (shapeshifter) (Vaults:5)
  6 naga ritualists
  A shadow demon (Depths:1)
  2 lindwurms
  A shambling mangrove (Swamp:4)
  An infernal demonspawn (Depths:1)
  2 spriggan druids (Swamp:2)
  5 deep elf archers
  14 flayed ghosts
  An anaconda skeleton (Crypt:1)
  A tengu zombie (Vaults:3)
  5 harpies
  A golden dragon skeleton (Crypt:2)
  7 orc knights
  14 ironbrand convokers
  25 phantasmal warriors
  5 wolf spiders
  12 necromancers
  An iron dragon zombie (Crypt:1)
  34 ugly things
  3 orc sorcerers
  10 deep elf magi
  8 mana vipers
  8 oklob plants
  A frost giant zombie (Crypt:1)
  31 slime creatures
  A faun (shapeshifter) (Vaults:5)
  2 moths of wrath
  2 shadow dragon skeletons
  8 cyclopes
  A cyclops (shapeshifter) (Depths:1)
  3 manticores
  2 human skeletons (Vaults:5)
  17 vault sentinels
  5 guardian serpents
  2 spriggan zombies
  An iron dragon skeleton (Crypt:3)
  A worldbinder (Abyss:2)
  29 black mambas
  11 salamanders
  3 centaur zombies
  39 naga magi
  5 rust devils
  2 elephants (shapeshifter)
  A frost giant skeleton (Crypt:3)
  A fire giant skeleton (Vaults:3)
  A guardian serpent (shapeshifter) (Vaults:5)
  9 elephants (Lair:6)
  Joseph (D:10)
  3 smoke demons (Abyss:2)
  2 molten gargoyles (Lair:6)
  A torpor snail (shapeshifter) (Vaults:1)
  An apocalypse crab (Abyss:2)
  5 gargoyles
  A red draconian zombie (Crypt:2)
  A rime drake (Lair:6)
  A torpor snail (Swamp:3)
  4 komodo dragons
  8 spiny frogs
  An efreet (D:14)
  An ice devil (Depths:3)
  2 hellwings (Abyss:2)
  2 demonic crawlers
  56 yaktaurs
  4 guardian mummies (Crypt:3)
  A tormentor (Depths:3)
  9 freezing wraiths
  3 tengu conjurers
  A yellow draconian skeleton (Crypt:1)
  A meliai (shapeshifter) (D:13)
  A jumping spider (Vaults:4)
  A jumping spider (shapeshifter) (Vaults:5)
  9 red devils
  10 trolls
  A wind drake (shapeshifter) (Depths:1)
  23 tyrant leeches
  A wolf spider simulacrum (Crypt:1)
  13 bog bodies
  A hornet (shapeshifter) (Depths:5)
  22 hornets
  A tengu simulacrum (Vaults:1)
  A guardian serpent zombie (Crypt:2)
  2 raiju (Abyss:2)
  26 blink frogs
  A human simulacrum (Vaults:3)
  2 hydra skeletons
  10 hippogriffs
  An ettin zombie (Abyss:2)
  7 dream sheep (Lair:3)
  4 flying skulls (Crypt:1)
  6 shadows
  A tarantella (shapeshifter) (Depths:5)
  16 wraiths
  A spriggan simulacrum (Depths:3)
  4 vampires
  5 redbacks
  A ynoxinul (Abyss:2)
  18 spriggans
  8 water elementals
  A yak (shapeshifter) (Depths:2)
  4 wyverns
  7 hogs (D:15)
  The ghost of mora the Sneak, an amateur NaWz (D:5)
  5 basilisks
  2 wyverns (shapeshifter)
  29 yaks
  An elf zombie (Depths:3)
  2 black mamba skeletons (Crypt:1)
  A hog (shapeshifter) (D:15)
  2 steam dragons (Lair:6)
  9 hungry ghosts
  A chaos spawn (Abyss:2)
  3 neqoxecs (Abyss:2)
  An emperor scorpion simulacrum (Crypt:1)
  20 vampire mosquitoes
  A yaktaur simulacrum (Vaults:5)
  9 insubstantial wisps (Swamp:2)
  9 wargs
  48 nagas
  4 small abominations (Abyss:2)
  16 swamp worms
  3 acid dragons
  A large abomination (Abyss:2)
  A floating eye (shapeshifter) (Depths:5)
  4 hell hounds (Lair:6)
  2 soldier ants (shapeshifter)
  A hydra simulacrum (Abyss:2)
  40 orc warriors
  A porcupine (shapeshifter) (Vaults:4)
  A merfolk skeleton (Crypt:1)
  8 porcupines
  Duvessa (D:7)
  18 water moccasins
  4 sky beasts
  10 swamp drakes
  An ice beast (shapeshifter) (Vaults:2)
  4 black bears
  3 eyes of draining
  A hornet zombie (D:14)
  An ice dragon simulacrum (Crypt:1)
  A blink frog zombie (Crypt:1)
  10 ice beasts
  8 necrophages
  2 eyes of draining (shapeshifter)
  A phantom (D:10)
  8 boggarts
  A manticore skeleton (Crypt:1)
  44 ogres
  7 wolves
  A blink frog skeleton (Crypt:2)
  A centaur (shapeshifter) (Depths:5)
  A crocodile (shapeshifter) (Vaults:5)
  12 centaurs
  8 crocodiles
  2 big kobolds
  16 bullfrogs
  2 wyvern zombies
  A gnoll sergeant (D:11)
  Dowan (D:7)
  4 scorpions
  A wyvern skeleton (D:14)
  A troll zombie (Swamp:1)
  24 killer bees
  A polar bear skeleton (Crypt:2)
  2 troll skeletons (Swamp:1)
  9 wights
  8 howler monkeys
  An electric eel (Lair:1)
  6 crimson imps
  5 lava snakes (Lair:6)
  5 quasits
  2 bullfrog zombies
  2 bullfrog skeletons
  A human zombie (Crypt:2)
  30 orc priests
  8 jellies
  36 orc wizards
  6 centaur skeletons
  4 hounds
  An iguana (D:5)
  2 iron imps (Depths:3)
  5 worker ants
  A killer bee zombie (D:9)
  2 hound zombies
  10 mummies (Crypt:3)
  A worker ant zombie (D:11)
  A howler monkey zombie (D:7)
  6 gnolls (D:11)
  14 adders
  6 shadow imps
  2 white imps
  12 oozes
  3 adder skeletons
  4 worms
  A barachi zombie (Crypt:1)
  2 leopard geckos
  134 orcs
  4 ball pythons
  8 goblins
  11 hobgoblins
  12 jackals
  19 kobolds
  12 quokkas
  7 bats
  9 frilled lizards
  A frilled lizard zombie (Crypt:2)
  A goblin zombie (Crypt:1)
  A leopard gecko zombie (D:8)
  19 rats
  4 briar patches
  5 plants (Lair:3)
2300 creatures vanquished.

Vanquished Creatures (others)
  A tengu reaver (Depths:4)
  A draconian annihilator (Zot:1)
  A yellow draconian (Zot:1)
  A great orb of eyes (Vaults:5)
  3 dancing weapons
  A deep elf knight (Vaults:2)
  A naga mage (Snake:4)
  A hornet (Swamp:2)
  2 vampire mosquitoes (Swamp:2)
  2 wargs (Vaults:5)
  A boggart (Depths:2)
  A centaur (Depths:2)
  A crocodile (Lair:5)
  An orc (Vaults:5)
  10 briar patches (Swamp:4)
  A bush (Lair:2)
  2 fungi
  A lurking horror (Abyss:2)
  30 plants
  2 starspawn tentacles (Abyss:2)
64 creatures vanquished.

Grand Total: 2364 creatures vanquished

Notes
Turn   | Place    | Note
-------+----------+-------------------------------------------
     0 | D:1      | Jerry the Minotaur Gladiator began the quest for the Orb.
     0 | D:1      | Reached XP level 1. HP: 18/18 MP: 0/0
   287 | D:1      | Reached XP level 2. HP: 25/25 MP: 1/1
   344 | D:1      | Reached skill level 1 in Armour
   708 | D:1      | Reached XP level 3. HP: 28/30 MP: 2/2
  1556 | D:2      | Reached skill level 5 in Long Blades
  1658 | D:2      | Reached XP level 4. HP: 31/38 MP: 3/3
  2461 | D:3      | Found a faded altar of an unknown god.
  2895 | D:3      | Found an ornate altar of the Wu Jian Council.
  2982 | D:4      | Reached XP level 5. HP: 40/46 MP: 4/4
  3580 | D:4      | Found Lolyss's Magic Scroll Shop.
  3587 | D:4      | Bought a scroll of teleportation for 36 gold pieces
  3587 | D:4      | Bought a scroll of teleportation for 36 gold pieces
  3683 | D:4      | Found a staircase to the Ecumenical Temple.
  3696 | Temple   | Entered the Ecumenical Temple
  4033 | D:4      | Found a blossoming altar of Fedhas.
  4297 | D:5      | Entered Level 5 of the Dungeon
  4315 | D:5      | Reached XP level 6. HP: 36/52 MP: 5/5
  4816 | D:5      | Reached XP level 7. HP: 48/60 MP: 6/6
  4836 | D:5      | Reached skill level 5 in Fighting
  5048 | D:5      | Found a runed gate.
  5050 | D:5      | Found a runed gate.
  5051 | D:5      | Found a runed gate.
  5052 | D:5      | Noticed mora's ghost (amateur NaWz)
  5064 | D:5      | Killed mora's ghost
  5233 | D:5      | Found an opulent altar of Gozag.
  5350 | D:5      | Found a glowing golden altar of the Shining One.
  5473 | D:5      | Became a worshipper of Gozag Ym Sagoz the Greedy
  5530 | D:6      | Found a sacrificial altar of Ru.
  5709 | D:6      | Found a hide-covered altar of Uskayaw.
  5711 | D:6      | Noticed a hand axe
  5711 | D:6      | Noticed a hand axe
  5753 | D:6      | Reached skill level 5 in Armour
  5844 | D:6      | Reached XP level 8. HP: 21/70 MP: 7/7
  6505 | D:6      | Found a snail-covered altar of Cheibriados.
  6692 | D:7      | Got a heavily runed chain mail
  6731 | D:7      | Noticed a hippogriff
  6749 | D:7      | Killed a hippogriff
  6931 | D:7      | Noticed Dowan
  6931 | D:7      | Noticed Duvessa
  6967 | D:7      | Killed Duvessa
  6967 | D:7      | Reached skill level 10 in Long Blades
  7271 | D:7      | Killed Dowan
  7309 | D:7      | Reached XP level 9. HP: 70/79 MP: 8/8
  7547 | D:7      | Found a blossoming altar of Fedhas.
  7690 | D:7      | Found a glowing golden altar of the Shining One.
  7691 | D:7      | Identified the +5 chain mail "Estitz" {+Inv rN+ Dex+2} (You
                  | found it on level 7 of the Dungeon)
  7806 | D:8      | Noticed Erica
  7822 | D:8      | Killed Erica
  8392 | D:8      | Found a burning altar of Makhleb.
  8633 | D:8      | Got a polished scale mail
  8634 | D:8      | Identified the +2 scale mail of the Cooper {rF+ rCorr
                  | Dex+4} (You found it on level 8 of the Dungeon)
  8742 | D:8      | Found a shimmering altar of Xom.
  8997 | D:9      | Noticed a two-headed ogre
  9005 | D:9      | Killed a two-headed ogre
  9005 | D:9      | Reached XP level 10. HP: 91/91 MP: 9/9
  9406 | D:9      | Found an ancient bone altar of Kikubaaqudgha.
  9642 | D:10     | Entered Level 10 of the Dungeon
  9816 | D:10     | Reached skill level 10 in Fighting
  9862 | D:10     | Found a staircase to the Lair.
  9863 | D:10     | Noticed Joseph
  9892 | D:10     | Reached skill level 10 in Armour
  9899 | D:10     | Killed Joseph
  9899 | D:10     | Reached XP level 11. HP: 83/101 MP: 8/10
  9961 | D:10     | Noticed Erolcha
  9976 | D:10     | Killed Erolcha
 11105 | D:11     | Reached skill level 15 in Long Blades
 11362 | D:11     | Found Mocasirr's Magic Scroll Emporium.
 11448 | D:11     | Bought a scroll of identify for 34 gold pieces
 11448 | D:11     | Bought a scroll of teleportation for 51 gold pieces
 11542 | D:11     | Found a staircase to the Orcish Mines.
 11574 | D:11     | Killed an unseen horror
 11783 | D:11     | Killed an unseen horror
 11875 | D:11     | Noticed an ogre mage
 11875 | D:11     | Noticed a two-headed ogre
 11875 | D:11     | Noticed a two-headed ogre
 11875 | D:11     | Noticed a two-headed ogre
 11875 | D:11     | Noticed a two-headed ogre
 11876 | D:11     | Noticed a two-headed ogre
 11909 | D:10     | Killed a two-headed ogre
 12019 | D:11     | Killed an ogre mage
 12042 | D:11     | Reached XP level 12. HP: 60/112 MP: 8/11
 12244 | D:11     | Found Hoebb's Jewellery Shop.
 12272 | D:11     | Bought an uncursed ring of poison resistance for 280 gold
                  | pieces
 12323 | D:11     | Killed a two-headed ogre
 12343 | D:11     | Killed a two-headed ogre
 12411 | D:11     | Killed a two-headed ogre
 12661 | D:11     | Found Qesuw's Jewellery Boutique.
 12665 | D:11     | Found Rinub's Magic Scroll Boutique.
 12667 | D:11     | Bought an uncursed amulet of regeneration for 480 gold
                  | pieces
 12677 | D:11     | Bought a scroll of remove curse for 48 gold pieces
 12677 | D:11     | Bought a scroll of magic mapping for 56 gold pieces
 12694 | D:11     | Identified a scroll of acquirement
 12753 | D:11     | Found Qoluraapt's Jewellery Boutique.
 12955 | D:12     | Noticed a two-headed ogre
 12956 | D:12     | Noticed an ogre mage
 12956 | D:12     | Noticed a two-headed ogre
 12957 | D:12     | Noticed a two-headed ogre
 12980 | D:11     | Killed a two-headed ogre
 13136 | D:11     | Killed a two-headed ogre
 13203 | D:12     | Killed a two-headed ogre
 13532 | D:12     | Noticed a two-headed ogre
 13555 | D:12     | Killed a two-headed ogre
 13932 | Lair:1   | Entered Level 1 of the Lair of Beasts
 14219 | Lair:1   | Reached skill level 1 in Shields
 14830 | Lair:2   | Found a staircase to the Snake Pit.
 15554 | Lair:3   | Reached XP level 13. HP: 121/121 MP: 12/12
 15640 | Lair:3   | Reached skill level 5 in Dodging
 15987 | Lair:3   | Found a staircase to the Swamp.
 16773 | Lair:3   | Upgraded the game from 0.22.1-2-g9c5b331383 to
                  | 0.22.1-5-g62c59d919a
 17057 | Lair:4   | Got a translucent buckler
 17058 | Lair:4   | Identified the +3 buckler "Niapek" {-Tele rElec rPois rN+
                  | Stlth+} (You found it on level 4 of the Lair of Beasts)
 17516 | Lair:3   | Bought the ring of Phasing {EV+8} for 1920 gold pieces
 17516 | Lair:3   | Found the ring of Phasing {EV+8}
 17825 | Lair:5   | Found a staircase to the Slime Pits.
 17999 | Lair:5   | Found a large runed door.
 18000 | Lair:5   | Found a large runed door.
 18095 | Lair:5   | Noticed Thargor's ghost (journeyman DDFi)
 18259 | Lair:6   | Entered Level 6 of the Lair of Beasts
 19010 | Lair:6   | Noticed a fire dragon
 19090 | Lair:6   | Reached XP level 14. HP: 125/132 MP: 13/13
 19300 | Lair:6   | Found a large runed door.
 19301 | Lair:6   | Found a large runed door.
 19881 | Lair:6   | Identified the Reference Book on Noxious Orientation
 20196 | Orc:1    | Entered Level 1 of the Orcish Mines
 20312 | Orc:2    | Entered Level 2 of the Orcish Mines
 20566 | Orc:2    | Found a roughly hewn altar of Beogh.
 20726 | Orc:2    | Found a staircase to the Elven Halls.
 20729 | Orc:2    | Reached skill level 15 in Fighting
 20892 | Orc:2    | Found a burning altar of Makhleb.
 20917 | Orc:2    | Noticed an orc warlord
 20946 | Orc:2    | Killed an orc warlord
 21233 | Orc:2    | Found a roughly hewn altar of Beogh.
 21233 | Orc:2    | Found Vyac's Antique Weapon Shoppe.
 21261 | Orc:2    | Found Neac's Antique Armour Emporium.
 21274 | Orc:2    | Bought a jewelled shield for 199 gold pieces
 21530 | Orc:1    | Found a runed gate.
 21531 | Orc:1    | Found a runed gate.
 21531 | Orc:1    | Found a runed gate.
 21535 | Orc:1    | Noticed Xuckunku's ghost (novice GnSk)
 21557 | Orc:1    | Killed Xuckunku's ghost
 21652 | Orc:2    | Noticed a stone giant
 21753 | Orc:2    | Killed a stone giant
 21753 | Orc:2    | Reached skill level 15 in Armour
 21766 | Orc:2    | Found a roughly hewn altar of Beogh.
 21878 | Orc:2    | Found a roughly hewn altar of Beogh.
 21897 | Orc:2    | Found Zutas's Distillery.
 21910 | Orc:2    | Bought a potion of haste for 170 gold pieces
 21910 | Orc:2    | Bought a potion of agility for 68 gold pieces
 21910 | Orc:2    | Bought a potion of might for 68 gold pieces
 21997 | Orc:2    | Found a roughly hewn altar of Beogh.
 22001 | Orc:2    | Found Qeyq's Jewellery Boutique.
 22108 | Orc:2    | Found a roughly hewn altar of Beogh.
 22124 | Orc:2    | Identified the cursed -2 shield of the Fiend {rPois rF++}
                  | (You bought it in a shop on level 2 of the Orcish Mines)
 22361 | Lair:1   | Bought a pair of runed boots for 292 gold pieces
 22367 | Lair:1   | Identified a +1 pair of boots of running (You bought it in
                  | a shop on level 1 of the Lair of Beasts)
 22745 | D:13     | Found a gate to the Vaults.
 22756 | D:13     | Found a labyrinth entrance.
 22770 | Lab      | Entered a labyrinth
 23579 | D:13     | You fall through a shaft for 2 floors!
 23579 | D:15     | Entered Level 15 of the Dungeon
 23696 | D:15     | Reached skill level 10 in Dodging
 23696 | D:15     | Reached skill level 5 in Shields
 23751 | D:15     | Found Reqyuq's Book Shop.
 23958 | D:15     | Reached XP level 15. HP: 113/142 MP: 14/14
 24008 | D:15     | Noticed Louise
 24033 | D:15     | Cast into level 2 of the Abyss (Louise)
 24071 | Abyss:2  | Found a viscous altar of Jiyva.
 24276 | Abyss:2  | Noticed a tentacled starspawn
 24282 | Abyss:2  | Killed a tentacled starspawn
 24598 | D:15     | Escaped the Abyss
 24612 | D:15     | Killed Louise
 24693 | D:15     | Noticed Josephine
 24694 | D:15     | Noticed Kirke
 24708 | D:15     | Killed Josephine
 24719 | D:15     | Killed Kirke
 24935 | D:15     | Found a staircase to the Depths.
 25122 | D:15     | Found an opulent altar of Gozag.
 25399 | D:14     | Got a transparent chain mail
 25400 | D:14     | Identified the cursed +0 chain mail "Giytapno" {+Fly rF+
                  | Str+2 SInv} (You found it on level 14 of the Dungeon)
 25459 | D:14     | Found Era Zotimo's Weapon Boutique.
 26857 | Swamp:1  | Entered Level 1 of the Swamp
 26966 | Swamp:1  | Noticed a thorn hunter
 26982 | Swamp:1  | Killed a thorn hunter
 26982 | Swamp:1  | Reached XP level 16. HP: 135/150 MP: 15/15
 29213 | Swamp:3  | Noticed a thorn hunter
 29408 | Swamp:3  | Killed a thorn hunter
 29459 | Swamp:3  | Reached skill level 10 in Shields
 29917 | Swamp:4  | Entered Level 4 of the Swamp
 29917 | Swamp:4  | Noticed a thorn hunter
 30671 | Swamp:4  | Reached XP level 17. HP: 153/160 MP: 16/16
 31613 | Swamp:4  | Got a decaying rune of Zot
 31719 | Lair:3   | Got a brightly glowing emerald amulet
 31720 | Lair:3   | Identified the amulet of Kerreus {Harm *Drain SInv} (You
                  | acquired it on level 3 of the Lair of Beasts)
 31724 | Lair:3   | Got a smoking golden ring
 31725 | Lair:3   | Identified the ring "Coaczaso" {*Corrode +Fly rElec Str+8}
                  | (You acquired it on level 3 of the Lair of Beasts)
 31739 | Lair:3   | Bought the +15 Maxwell's patent armour {-Cast -Tele rElec
                  | MR+ rCorr} for 1074 gold pieces
 31739 | Lair:3   | Found the +15 Maxwell's patent armour {-Cast -Tele rElec
                  | MR+ rCorr}
 31739 | Lair:3   | Bought the +3 pair of gauntlets of War {Slay+5} for 475
                  | gold pieces
 31739 | Lair:3   | Found the +3 pair of gauntlets of War {Slay+5}
 31836 | Snake:1  | Entered Level 1 of the Snake Pit
 33621 | Snake:3  | Noticed Roxanne
 33649 | Snake:3  | Killed Roxanne
 33650 | Snake:3  | Identified Roxanne's Reference Book on Earth (You took it
                  | off Roxanne on level 3 of the Snake Pit)
 33761 | Snake:3  | Reached XP level 18. HP: 171/171 MP: 17/17
 34160 | Snake:4  | Entered Level 4 of the Snake Pit
 35070 | Snake:4  | Got a serpentine rune of Zot
 35208 | Lair:2   | Bought a +2 hat of magic resistance for 357 gold pieces
 35418 | Depths:1 | Entered Level 1 of the Depths
 35418 | Depths:1 | Noticed a lich
 35425 | Depths:1 | Killed a lich
 35425 | Depths:1 | Reached skill level 15 in Dodging
 35504 | Depths:1 | Identified the Incunabulum of Damaging Lightness
 35561 | Depths:1 | Found a runed door.
 35590 | Depths:1 | Noticed Hetisch's ghost (adept NaEn)
 35869 | Depths:1 | Noticed a lich
 35877 | Depths:1 | Killed a lich
 35899 | Depths:1 | Reached XP level 19. HP: 181/181 MP: 18/18
 36023 | Depths:1 | Found a gateway to a ziggurat.
 36174 | Depths:1 | Found a gateway to Hell.
 36371 | Depths:1 | Found a one-way gate leading to the halls of Pandemonium.
 36522 | Depths:1 | Killed Hetisch's ghost
 37162 | D:15     | Bought a Necronomicon for 1656 gold pieces
 37171 | D:15     | Learned a level 8 spell: Necromutation
 37819 | Depths:2 | Noticed a lich
 37825 | Depths:2 | Killed a lich
 37847 | Depths:2 | Noticed a caustic shrike
 37857 | Depths:2 | Killed a caustic shrike
 37857 | Depths:2 | Reached skill level 15 in Shields
 38262 | Depths:3 | Noticed a caustic shrike
 38262 | Depths:3 | Noticed a caustic shrike
 38262 | Depths:3 | Noticed a caustic shrike
 38262 | Depths:3 | Noticed a caustic shrike
 38262 | Depths:3 | Noticed a caustic shrike
 38282 | Depths:2 | Killed a caustic shrike
 38289 | Depths:2 | Killed a caustic shrike
 38289 | Depths:2 | Reached skill level 1 in Necromancy
 38289 | Depths:2 | Reached skill level 1 in Transmutations
 38292 | Depths:2 | Killed a caustic shrike
 38292 | Depths:2 | Reached skill level 1 in Spellcasting
 38463 | Depths:3 | Reached XP level 20. HP: 193/193 MP: 21/21
 38635 | Depths:3 | Noticed the Enchantress
 38651 | Depths:3 | Killed the Enchantress
 38760 | Depths:3 | Found a burning altar of Makhleb.
 39309 | Depths:3 | Noticed Margery
 39329 | Depths:3 | Killed Margery
 39386 | Depths:3 | Noticed Nikola
 39416 | Depths:3 | Killed Nikola
 39990 | Depths:3 | Reached skill level 5 in Transmutations
 40115 | Depths:3 | Got faerie dragon scales
 40121 | Depths:3 | Identified the +2 faerie dragon scales {rElec MR+ rCorr
                  | Str+3 Dex+3} (You took it off the Enchantress on level 3 of
                  | the Depths)
 40510 | Depths:4 | Found Atetooczi's Assorted Antiques.
 40536 | Depths:4 | Reached skill level 5 in Necromancy
 40564 | Depths:4 | Bought a scroll of teleportation for 69 gold pieces
 40564 | Depths:4 | Bought a scroll labeled MOUTEMU JAUDO for 23 gold pieces
 40564 | Depths:4 | Bought a potion of curing for 69 gold pieces
 40766 | Depths:4 | Reached XP level 21. HP: 168/201 MP: 27/27
 40899 | Depths:4 | Reached skill level 5 in Spellcasting
 40902 | Depths:4 | Noticed an ancient lich
 41191 | Depths:4 | Killed an ancient lich
 41440 | Depths:4 | Identified Xump's Guide on Sinister Arts
 41899 | Depths:4 | Found a one-way gate to the infinite horrors of the Abyss.
 41966 | Depths:4 | Reached skill level 1 in Stealth
 42005 | Depths:4 | Noticed a golden dragon
 42006 | Depths:4 | Noticed a golden dragon
 42015 | Depths:4 | Killed a golden dragon
 42019 | Depths:4 | Killed a golden dragon
 42236 | Depths:4 | Bought a clouded silver ring for 215 gold pieces
 42236 | Depths:4 | Identified the cursed ring "Qeint" {AC-2 SInv Stlth+} (You
                  | bought it in a shop on level 4 of the Depths)
 42270 | Depths:5 | Entered Level 5 of the Depths
 42463 | Depths:5 | Found a gate to the Realm of Zot.
 42463 | Depths:5 | Noticed a golden dragon
 42463 | Depths:5 | Noticed a golden dragon
 42473 | Depths:5 | Killed a golden dragon
 42486 | Depths:5 | Killed a golden dragon
 42542 | Depths:5 | Noticed a golden dragon
 42550 | Depths:5 | Killed a golden dragon
 42595 | Depths:5 | Reached XP level 22. HP: 203/209 MP: 30/30
 42795 | Depths:5 | Found Eqiuci's Armour Shop.
 43394 | Vaults:1 | Entered Level 1 of the Vaults
 43675 | Vaults:1 | Reached skill level 5 in Stealth
 45985 | Vaults:3 | Reached XP level 23. HP: 215/215 MP: 33/33
 46271 | Vaults:3 | Found Pudim's Distillery.
 46304 | Vaults:3 | Bought a potion of agility for 52 gold pieces
 47024 | Vaults:3 | Found a staircase to the Crypt.
 47592 | Hell     | Entered the Vestibule of Hell
 47592 | Hell     | Noticed Geryon
 47611 | Hell     | Gained mutation: Your flesh is cold resistant. (rC+) [a
                  | cacodemon]
 48038 | Crypt:1  | Entered Level 1 of the Crypt
 48342 | Crypt:1  | Learned a level 5 spell: Dispel Undead
 48729 | Crypt:1  | Reached skill level 10 in Transmutations
 49748 | Crypt:2  | Noticed Mara
 49767 | Crypt:2  | Noticed Jerry's illusion
 49819 | Crypt:2  | Killed Mara
 50233 | Crypt:3  | Entered Level 3 of the Crypt
 51221 | Crypt:3  | Reached XP level 24. HP: 223/223 MP: 34/34
 51385 | Crypt:3  | HP: 11/223 [??? (9)]
 51391 | Crypt:3  | HP: 9/223 [??? (6)]
 52011 | Crypt:3  | Noticed an ancient lich
 52022 | Crypt:3  | Killed an ancient lich
 52147 | Crypt:3  | Found a staircase to the Tomb.
 52616 | Crypt:3  | Identified Biruho's Guide on Creative Clay
 52734 | Vaults:3 | Got a steaming granite ring
 52735 | Vaults:3 | Identified the ring of Xom's Whimsicality {rF- Str+5
                  | Slay+3} (You acquired it on level 3 of the Vaults)
 52739 | Vaults:3 | Got a fine golden ring
 52740 | Vaults:3 | Identified the ring "Hysamm" {rC+ MR+ Str+2 Stlth+} (You
                  | acquired it on level 3 of the Vaults)
 52749 | Vaults:3 | Bought an embroidered cloak for 240 gold pieces
 52749 | Vaults:3 | Bought a shiny plate armour for 832 gold pieces
 52749 | Vaults:3 | Bought a transparent ring mail for 288 gold pieces
 52749 | Vaults:3 | Bought a pair of twisted gloves for 304 gold pieces
 52749 | Vaults:3 | Identified the +2 ring mail of the Evening Star {rC++ rN+++
                  | Slay+3 Stlth-} (You bought it in a shop on level 3 of the
                  | Vaults)
 52782 | Vaults:3 | Identified the +2 pair of gloves of Qeorghegh {rF+ MR+++}
                  | (You bought it in a shop on level 3 of the Vaults)
 53077 | Depths:4 | Bought a scroll of acquirement for 1196 gold pieces
 53081 | Depths:4 | Got a flickering turquoise ring
 53082 | Depths:4 | Identified the ring of Rewnowaq {rElec rPois rF+ MP+9
                  | Int-5} (You acquired it on level 4 of the Depths)
 53289 | D:11     | Bought 2 scrolls of acquirement for 1768 gold pieces
 53289 | D:11     | Bought a scroll of immolation for 59 gold pieces
 53289 | D:11     | Bought a scroll of teleportation for 51 gold pieces
 53289 | D:11     | Bought a scroll of magic mapping for 59 gold pieces
 53294 | D:11     | Got a shimmering copper amulet
 53295 | D:11     | Identified the amulet of Rosungus {Harm *Drain rPois} (You
                  | acquired it on level 11 of the Dungeon)
 53299 | D:11     | Got a scintillating granite ring
 53300 | D:11     | Identified the ring of Buetoro {+Fly Str+2 Int+3} (You
                  | acquired it on level 11 of the Dungeon)
 53692 | Depths:3 | Reached skill level 10 in Necromancy
 53756 | Depths:3 | Noticed a juggernaut
 53886 | Depths:3 | Killed a juggernaut
 54408 | Vaults:4 | Found a large runed door.
 54408 | Vaults:4 | Found a large runed door.
 54409 | Vaults:4 | Noticed Riyg's ghost (adept DEFE)
 54425 | Vaults:4 | Killed Riyg's ghost
 54429 | Vaults:4 | Identified Opeesuh's Catalogue of Creation and Damage
                  | Dealing
 54435 | Vaults:4 | Found Ostiesor's Antique Armour Shoppe.
 54535 | Vaults:4 | Bought a pair of translucent boots for 266 gold pieces
 54535 | Vaults:4 | Bought a dazzling chain mail for 266 gold pieces
 54536 | Vaults:4 | Identified the cursed +0 pair of boots of Pleasant Breezes
                  | {Str+3 Dex+3} (You bought it in a shop on level 4 of the
                  | Vaults)
 54542 | Vaults:4 | Identified the +3 chain mail "Bimyijut" {rF+ MP+9 Int+3}
                  | (You bought it in a shop on level 4 of the Vaults)
 55129 | Vaults:4 | Reached skill level 10 in Stealth
 55377 | Vaults:5 | Entered Level 5 of the Vaults
 55418 | Vaults:5 | Noticed Sojobo
 55470 | Vaults:5 | Killed Sojobo
 55551 | Vaults:5 | Reached skill level 10 in Spellcasting
 55638 | Vaults:5 | Reached XP level 25. HP: 148/231 MP: 36/36
 55896 | Vaults:5 | Learned a level 3 spell: Regeneration
 56002 | Vaults:5 | Identified Gikiagg's Collected Works on Aerial Execration
 56009 | Vaults:5 | Got a crude ring mail
 56010 | Vaults:5 | Identified the cursed +0 ring mail of Thoughtfulness {rPois
                  | rF+ Str+3 Dex+3} (You found it on level 5 of the Vaults)
 56019 | Vaults:5 | Identified the Incunabulum of Companions and Talismans
 56604 | Vaults:5 | Found Uchuxim's Food Shop.
 56606 | Vaults:5 | Found the +8 longbow "Zephyr" {speed, Dex+3 SInv}
 56610 | Vaults:5 | Bought a ration for 55 gold pieces
 56610 | Vaults:5 | Bought a ration for 55 gold pieces
 56610 | Vaults:5 | Bought a ration for 55 gold pieces
 56610 | Vaults:5 | Bought a ration for 55 gold pieces
 56610 | Vaults:5 | Bought a ration for 55 gold pieces
 56610 | Vaults:5 | Bought a ration for 55 gold pieces
 56610 | Vaults:5 | Identified the Reference Book on Glacial Poisoning
 56843 | Vaults:5 | Got a steaming bronze amulet
 56844 | Vaults:5 | Identified the amulet "Bitaletz" {Gourm rC+ Str+4 Dex+4}
                  | (You found it on level 5 of the Vaults)
 57255 | Vaults:5 | Got a silver rune of Zot
 57837 | Zot:1    | Entered Level 1 of the Realm of Zot
 58541 | Zot:1    | Noticed Tiamat
 58544 | Zot:1    | Reached XP level 26. HP: 239/239 MP: 37/37
 58862 | Depths:5 | HP: 7/239 [Tiamat/demon trident of electrocution (8)]
 58867 | Depths:5 | Slain by Tiamat

Skill      XL: |  1  2  3  4  5  6  7  8  9 10 11 12 13 14 15 16 17 18 19 20 21 22 23 24 25 |
---------------+----------------------------------------------------------------------------+-----
Long Blades    | 4 5 6 7 8 10 12 14 16 17 18 19 20 | 20.1
Armour         | 1 2 3 4 5 6 8 10 11 12 14 15 16 17 18 19 20 | 20.0
Fighting       | 3 4 6 7 9 10 11 13 14 15 16 17 18 19 20 | 20.0
Shields        | 3 4 5 8 10 12 14 15 16 17 | 17.2
Dodging        | 4 8 10 11 12 13 15 16 17 18 19 20 | 20.0
Necromancy     | 1 5 7 8 9 11 12 | 12.3
Transmutations | 1 5 7 9 10 11 13 | 13.2
Spellcasting   | 1 4 6 7 8 10 11 | 11.3
Stealth        | 4 6 8 10 12 | 12.5
Throwing       | |  2.0

Action                   |  1- 3 |  4- 6 |  7- 9 | 10-12 | 13-15 | 16-18 | 19-21 | 22-24 | 25-27 || total
-------------------------+-------+-------+-------+-------+-------+-------+-------+-------+-------++-------
Melee: Long sword        |   100 |   149 |   138 |       |       |       |       |       |       ||   387
       Headbutt          |    12 |    25 |    66 |   121 |   328 |   431 |   508 |   795 |   313 ||  2599
       Falchion          |       |       |    70 |       |       |       |       |       |       ||    70
       Scimitar          |       |       |    52 |   637 |  1264 |   814 |       |       |       ||  2767
       Demon blade       |       |       |       |       |       |   795 |  1614 |  2290 |   919 ||  5618
Throw: Throwing net      |       |     1 |       |       |       |       |       |       |       ||     1
Invok: Call Merchant     |       |       |       |       |     4 |     3 |     2 |     1 |     1 ||    11
Evoke: Wand              |       |       |     2 |       |     8 |     1 |       |       |       ||    11
  Use: Scroll            |       |       |     8 |    20 |    13 |    14 |     5 |    20 |     4 ||    84
       Potion            |       |       |       |       |     4 |     1 |     4 |     8 |     3 ||    20
 Stab: Sleeping          |     1 |       |       |       |       |       |       |    15 |     1 ||    17
       Paralysed         |       |       |     1 |       |       |       |       |       |       ||     1
       Distracted        |       |       |     1 |     4 |     5 |    10 |    17 |    28 |    10 ||    75
  Eat: Chunk             |     2 |    10 |     2 |     1 |       |       |       |       |       ||    15
       Ration            |       |       |     4 |     7 |    10 |    11 |     6 |    12 |     4 ||    54
Armor: Leather armour    |    35 |       |       |       |       |       |       |       |       ||    35
       Scale mail        |       |    58 |    60 |       |    80 |       |       |       |       ||   198
       Chain mail        |       |       |    23 |   249 |   199 |   187 |       |       |       ||   658
       Plate armour      |       |       |       |       |       |   193 |   411 |   186 |       ||   790
       Acid dragon scale |       |       |       |       |       |       |       |    77 |       ||    77
       Ring mail         |       |       |       |       |       |       |       |    53 |   138 ||   191
Dodge: Dodged            |    82 |    79 |   146 |   301 |   768 |   974 |   816 |  1182 |   533 ||  4881
       Deflected         |       |       |       |       |    24 |    71 |    45 |    39 |    19 ||   198
Block: Buckler           |       |       |       |       |   360 |   568 |       |   182 |   285 ||  1395
       Shield            |       |       |       |       |       |    22 |   563 |   649 |       ||  1234
       Rpst.: Long sword |    22 |    26 |    15 |       |       |       |       |       |       ||    63
       Falchion          |       |       |    10 |       |       |       |       |       |       ||    10
       Scimitar          |       |       |     5 |    71 |   158 |   106 |       |       |       ||   340
       Demon blade       |       |       |       |       |       |    67 |   138 |   235 |    89 ||   529
